 Dungeon Crawl Stone Soup version 0.25-a0-310-g60f0ac2d9a (webtiles) character file.

Game seed: 9536800432777398933, levelgen mode: deterministic

54 Glalom the Sneak (level 3, -1/27 HPs)
             Began as a Demonspawn Assassin on Dec 23, 2019.
             Slain by an adder (2 damage)
             ... on level 2 of the Dungeon.
             The game lasted 00:04:43 (2506 turns).

Glalom the Sneak (Demonspawn Assassin)              Turns: 2506, Time: 00:04:44

Health: -1/27      AC:  5    Str: 11    XL:     3   Next: 66%
Magic:  3/3        EV: 11    Int: 12    God:
Gold:   115        SH:  0    Dex: 17    Spells: 2/2 levels left

rFire    + . .     SeeInvis .   v - +0 rapier
rCold    + . .     Gourm    .   (no shield)
rNeg     . . .     Faith    .   t - +0 leather armour
rPois    +         Spirit   .   (no helmet)
rElec    +         Reflect  .   c - +0 cloak
rCorr    +         Harm     .   (no gloves)
MR       .....                  o - +0 pair of boots
Stlth    ++++......             (no amulet)
HPRegen  0.09/turn              (no ring)
MPRegen  0.08/turn              (no ring)

@: resistant
A: thin skeletal structure 1, nightstalker 1
a: no special abilities


You were on level 2 of the Dungeon.
You were hungry.

You visited 1 branch of the dungeon, and saw 2 of its levels.

You collected 115 gold pieces.

Inventory:

Hand Weapons
 a - a +2 dagger
 v - a +0 rapier (weapon)
Missiles
 d - 2 poisoned darts (quivered)
 e - 2 curare-tipped darts
Armour
 b - a +0 robe
 c - a +0 cloak (worn)
 o - a +0 pair of boots (worn)
 t - a +0 leather armour (worn)
Jewellery
 h - a +4 ring of protection {unknown}
Scrolls
 k - 2 scrolls of fog {unknown}
 m - a scroll of remove curse {unknown}
 p - a scroll of teleportation {unknown}
 q - a scroll of identify {unknown}
 r - a scroll of enchant weapon {unknown}
 w - a scroll of noise {unknown}
Potions
 i - a potion of lignification {unknown}
 j - a potion of resistance
 l - a potion of might {unknown}
 n - a potion of berserk rage {unknown}
 s - 2 potions of magic {unknown}
Comestibles
 f - 5 rations
 u - 3 chunks of flesh


   Skills:
 - Level 2.0 Fighting
 + Level 2.9 Short Blades
 - Level 1.7 Throwing
 - Level 0.8 Dodging
 + Level 4.4 Stealth


You had 2 spell levels left.
You didn't know any spells.
Your spell library was empty.

Dungeon Overview and Level Annotations

Branches:
Dungeon (2/15)

Altars:


Innate Abilities, Weirdness & Mutations

You have a somewhat thin skeletal structure. (Dex +2, Stealth)
You are slightly more attuned to the shadows.


Message History

You closely miss the adder. The adder closely misses you.
You hit the adder.
The adder is moderately wounded.
The adder closely misses you.
You closely miss the adder.
The adder is moderately wounded.
You are feeling hungry.
The adder bites you but does no damage.
You closely miss the adder.
The adder is moderately wounded.
The adder barely misses you. The adder bites you.
* * * LOW HITPOINT WARNING * * *
You hit the adder but do no damage.
The adder is moderately wounded.
The adder bites you.
* * * LOW HITPOINT WARNING * * *
You hit the adder but do no damage.
The adder is moderately wounded.
The adder bites you.
You die...

...... #...).# # ..###.
##..### ## . #. #..(.#
#. #. #..#.# #. #.
#..#.# #. #######..#.#
#. .........#.## #.
.#######.####.#...## #.
.(....S@......###..####.
.######.##.PPPPPPP.PPP#.
#.##.....P.P.P.P..
#.###P.P.P.P.P.P#.
#.###P.P.P.P......
#.##.P.PPP.P.PPP..
...#.P.........P#>


...#PPP.PPP.PPP#. ...#.P...P.P.P.P#. You could see an adder.

Vanquished Creatures
  An adder (D:2)
  2 worms (D:2)
  A leopard gecko (D:1)
  An orc (D:2)
  A bat (D:2)
  2 giant cockroaches (D:1)
  5 goblins
  4 hobgoblins
  4 jackals (D:2)
  2 frilled lizards (D:1)
  4 kobolds
  10 rats
37 creatures vanquished.

Notes
Turn   | Place    | Note
-------+----------+-------------------------------------------
     0 | D:1      | Glalom the Demonspawn Assassin began the quest for the Orb.
     0 | D:1      | Reached XP level 1. HP: 16/16 MP: 1/1
   580 | D:1      | Gained mutation: You are slightly more attuned to the
                  | shadows. [demonic ancestry]
   580 | D:1      | Reached XP level 2. HP: 9/22 MP: 2/2
   924 | D:1      | Reached skill level 4 in Stealth
  1664 | D:2      | Gained mutation: You have a somewhat thin skeletal
                  | structure. (Dex +2, Stealth) [demonic ancestry]
  1664 | D:2      | Reached XP level 3. HP: 27/27 MP: 3/3
  2499 | D:2      | HP: 1/27 [poisoned by an adder]
  2505 | D:2      | HP: 1/27 [adder (5)]
  2506 | D:2      | Slain by an adder

Levels and vault maps discovered:
D:1:      dpeg_arrival_shelter, layout_loops_cross, minmay_distorted
D:2:      layout_loops_ring, first_ration, minmay_hedge_maze

Skill      XL: |  1  2 |
---------------+-------+-----
Short Blades   | 2 |  2.9
Stealth        | 4 |  4.4
Fighting       | |  2.0
Throwing       | |  1.7
Dodging        | |  0.8

Action                   || total
-------------------------++-------
Melee: Dagger            ||   104
       Rapier            ||    13
Throw: Dart              ||    14
  Use: Potion            ||     2
 Stab: Sleeping          ||    13
       Distracted        ||     1
  Eat: Ration            ||     1
       Chunk             ||     1
Armor: Robe              ||    11
       Leather armour    ||    13
Dodge: Dodged            ||    53

Table legend:
 A = Non-vault XP
 B = Vault XP
 C = Vault XP percentage of total XP
 D = Non-vault monster count
 E = Vault monster count
 F = Vault count percentage of total count
                 A         B        C        D         E       F
            +---------+---------+-------+---------+---------+-------
      Total |      76 |       2 |   2.6 |      35 |       2 |   5.4
            +---------+---------+-------+---------+---------+-------
        D:1 |      27 |       2 |   6.9 |      18 |       2 |  10.0
        D:2 |      49 |       0 |   0.0 |      17 |       0 |   0.0
            +---------+---------+-------+---------+---------+-------
